 Dungeon Crawl Stone Soup version 0.27.1-33-g824d729ab1 (webtiles) character file.

Game seed: 169903418027769432

147 Radix the Ducker (level 5, -2/38 HPs)
             Began as a Merfolk Transmuter on Dec 31, 2021.
             Slain by Grinder (3 damage)
             ... on level 3 of the Dungeon.
             The game lasted 00:53:07 (3664 turns).

Radix the Ducker (Merfolk Transmuter)               Turns: 3664, Time: 00:53:07

Health: -2/38      AC:  3    Str: 10    XL:     5   Next: 29%
Magic:  9/9        EV: 12    Int: 14    God:
Gold:   92         SH:  0    Dex: 14    Spells: 8/9 levels left

rFire    . . .     SeeInvis .   g - +2 spear (distort)
rCold    . . .     Faith    .   (no shield)
rNeg     . . .     Spirit   .   n - +0 leather armour
rPois    .         Reflect  .   (no helmet)
rElec    .         Harm     .   (no cloak)
rCorr    .         Rampage  .   (no gloves)
Will     .....                  (no boots)
Stlth    ++........             (no amulet)
HPRegen  0.12/turn              (no ring)
MPRegen  0.11/turn              (no ring)

@: flying
A: (nimble swimmer 2), mertail
a: no special abilities


You were on level 3 of the Dungeon.
You visited 1 branch of the dungeon, and saw 3 of its levels.

You collected 92 gold pieces.

Inventory:

Hand Weapons
 b - a +0 dagger
 f - a +0 dagger
 g - a +2 spear of distortion (weapon)
 i - a +0 short sword
 o - a +0 short sword
 p - a +0 flail
 q - a +0 club
 s - a +0 club
 v - a +0 dagger
 w - a +0 rapier
Missiles
 c - 28 stones (quivered)
 d - 3 boomerangs
 e - 17 arrows
 h - 10 sling bullets
Armour
 a - a +0 robe
 n - a +0 leather armour (worn)
 r - a +0 scale mail
 u - a +0 leather armour
Scrolls
 k - a scroll of torment {unknown}
 t - a scroll of vulnerability {unknown}
Potions
 j - a potion of mutation {unknown}
 l - a potion of flight
 m - 2 potions of degeneration {unknown}


   Skills:
 + Level 1.9 Fighting
 + Level 1.8 Polearms
 - Level 0.2 Throwing
 + Level 3.7 Dodging
 + Level 1.9 Stealth
 - Level 3.6 Unarmed Combat
 + Level 2.9 Spellcasting
 + Level 3.7 Transmutations


You had 8 spell levels left.
You knew the following spells:

 Your Spells              Type           Power      Damage    Failure   Level
a - Beastly Appendage     Tmut           24%        N/A       6%          1

Your spell library contained the following spells:

 Spells                   Type           Power      Damage    Failure   Level
 Wereblood                Tmut           12%        N/A       10%         2
 Spider Form              Tmut/Pois      3%         N/A       38%         3
 Ice Form                 Ice/Tmut       7%         N/A       80%         4


Dungeon Overview and Level Annotations

Branches:
Dungeon (3/15)

Altars:

Annotations:
D:3 Grinder


Innate Abilities, Weirdness & Mutations

((You are quick and stealthy near water. (Stealth+, EV+, Speed+++)))
Your lower body shifts to a powerful aquatic tail in water.


Message History

Grinder gestures at you. You resist with significant effort.
Grinder gestures at you. You resist with significant effort.
Grinder gestures at you. Pain shoots through your body!
You can move again.
Grinder blinks!
Grinder gestures at you.
You suddenly lose the ability to move!
Grinder hits you.
You can move again.
Grinder blinks!
Grinder gestures at you.
You suddenly lose the ability to move!
Grinder gestures at you.
You barely resist. Grinder gestures at you. You resist with significant effort.
You can move again.
It was a potion of flight.
You feel very buoyant.
You fly up into the air.
Grinder hits you.
* * * LOW HITPOINT WARNING * * *
You writhe in agony.
* * * LOW HITPOINT WARNING * * *
Grinder gestures at you.
You shrug off the repeated paralysis!
Grinder gestures at you.
You barely resist.
Grinder blinks!
Grinder barely misses you.
Grinder blinks!
Grinder blinks!
You closely miss Grinder. Grinder hits you but does no damage.
Grinder completely misses you. Grinder hits you.
* * * LOW HITPOINT WARNING * * *
You writhe in agony.
You die...

#.#.###........#
#5#.....######.#
#.####### ####.#
#.####### #....#
#.......###.#
#######.#...#
#.#.### #.#5#
#.@.# #####


You could see Grinder.

Vanquished Creatures
  A necrophage (D:3)
  An ufetubus (D:3)
  A worm (D:3)
  A dart slug (D:2)
  An orc (D:3)
  4 endoplasms (D:1)
  2 giant cockroaches
  3 goblins
  3 hobgoblins
  2 kobolds (D:2)
  3 quokkas
  3 ball pythons
  7 bats
  2 frilled lizards
  7 rats
41 creatures vanquished.

Vanquished Creatures (others)
  7 plants (D:1)
7 creatures vanquished.

Grand Total: 48 creatures vanquished

Notes
Turn   | Place    | Note
-------+----------+-------------------------------------------
     0 | D:1      | Radix the Merfolk Transmuter began the quest for the Orb.
     0 | D:1      | Reached XP level 1. HP: 15/15 MP: 3/3
   737 | D:1      | Reached XP level 2. HP: 15/21 MP: 1/5
  2237 | D:2      | Reached XP level 3. HP: 26/26 MP: 3/6
  2432 | D:2      | Reached skill level 1 in Stealth
  3012 | D:3      | Noticed a necrophage
  3029 | D:3      | Killed a necrophage
  3030 | D:3      | Reached skill level 1 in Polearms
  3030 | D:3      | Reached XP level 4. HP: 16/33 MP: 4/8
  3030 | D:3      | Reached XP level 5. HP: 18/38 MP: 4/9
  3588 | D:3      | Noticed Grinder
  3589 | D:3      | Paralysed by Grinder for 6 turns
  3607 | D:3      | Paralysed by Grinder for 7 turns
  3616 | D:3      | Paralysed by Grinder for 4 turns
  3637 | D:3      | Paralysed by Grinder for 6 turns
  3664 | D:3      | HP: 1/38 [Grinder (6)]
  3664 | D:3      | Slain by Grinder

Illustrated notes

Levels and vault maps discovered:
D:1:      psy_arrival_fountain, layout_basic, minmay_pentomino_x4
D:2:      layout_rooms, nrook_mini_backslash
D:3:      layout_basic, guppyfry_early_lair_pool, uniq_grinder

Skill      XL: |  1  2  3 |
---------------+----------+-----
Dodging        | 3 |  3.7
Stealth        | 1 |  1.9
Transmutations | 3 |  3.7
Polearms       | 1 |  1.8
Fighting       | |  1.9
Throwing       | |  0.2
Unarmed Combat | |  3.6
Spellcasting   | |  2.9

Action                   |  1- 3 |  4- 6 || total
-------------------------+-------+-------++-------
Melee: Dagger            |    80 |       ||    80
       Unarmed           |    10 |       ||    10
       Headbutt          |    10 |     1 ||    11
       Spear             |    37 |    19 ||    56
       Punch             |     2 |       ||     2
Throw: Stone             |    12 |       ||    12
 Cast: Beastly Appendage |    22 |     5 ||    27
  Use: Scroll            |     1 |       ||     1
       Potion            |       |     1 ||     1
 Stab: Sleeping          |     1 |       ||     1
Armor: Robe              |     8 |       ||     8
       Leather armour    |     2 |     6 ||     8
Dodge: Dodged            |    50 |    16 ||    66
